 Dungeon Crawl Stone Soup version 0.28.0 (webtiles) character file.

Game seed: 17861553173987552931

7 AmazingTV the Sneak (level 1, -1/11 HPs)
             Began as a Spriggan Brigand on Mar 15, 2024.
             Slain by a gnoll (5 damage)
             ... on level 1 of the Dungeon.
             The game lasted 00:02:15 (389 turns).

AmazingTV the Sneak (Spriggan Brigand)               Turns: 389, Time: 00:02:15

Health: -1/11      AC:  3    Str:  7    XL:     1   Next: 91%
Magic:  2/2        EV: 16    Int: 12    God:
Gold:   30         SH:  0    Dex: 16    Spells: 0/0 levels left

rFire   . . .      SeeInvis +   a - +2 dagger {short}
rCold   . . .      Faith    .   (no shield)
rNeg    . . .      Spirit   .   b - +0 robe
rPois   .          Reflect  .   (helmet restricted)
rElec   .          Harm     .   c - +0 cloak
rCorr   .          Rampage  .   (gloves unavailable)
Will    .....                   (boots unavailable)
Stlth   +++.......              (no amulet)
HPRegen 0.03/turn               (no ring)
MPRegen 0.08/turn               (no ring)

@: very quick
A: very small, no large weapons, unfitting armour, see invisible, speed 3
a: no special abilities


You were on level 1 of the Dungeon.
You visited 1 branch of the dungeon, and saw 1 of its levels.

You collected 30 gold pieces.


Innate Abilities, Weirdness & Mutations

You are very small and have problems with some larger weapons.
You are too small for most types of armour.
You have supernaturally acute eyesight. (SInv)
You cover ground extremely quickly. (Speed+++)


   Skills:
 + Level 1.6 Fighting
 + Level 2.3 Short Blades
 + Level 2.1 Throwing
 + Level 1.6 Dodging
 * Level 6.1 Stealth


You couldn't memorise any spells.
You didn't know any spells.
Your spell library was empty.

Inventory:

Hand Weapons
 a - a +2 dagger (weapon) {short}
Missiles
 d - 8 poisoned darts (quivered)
 e - 2 curare-tipped darts {=f}
 g - 29 stones
Armour
 b - a +0 robe (worn)
 c - a +0 cloak (worn)
Magical Staves
 i - a staff of air {!astaff}
   (You found it on level 1 of the Dungeon)
Scrolls
 h - a scroll of identify {unknown}
Potions
 f - a potion of invisibility {unknown}

Dungeon Overview and Level Annotations

Branches:
Dungeon (1/15)

Altars:

.........###.##
.#.#........##
...........##
#...#####..#
.###.## #..# #$
#..# #..#
#..###..# #..#
#.#...#.###..###
#.......@g.....#
#######.######.#
#.# .# ####.# #
..#.# #.#.#
#.#.#####.
#..........
#......#####..


You could see a gnoll.


Message History

Found a purple potion and 10 stones.
Found a staircase leading out of the dungeon.
f - a purple potion
g - 10 stones You open the door.
There is an open door here.
A hobgoblin comes into view.
The hobgoblin shouts!
The hobgoblin barely misses you.
You hit the hobgoblin. The hobgoblin misses you.
You hit the hobgoblin but do no damage. The hobgoblin misses you.
You hit the hobgoblin.
You kill the hobgoblin!
A rat comes into view.
You see here a scroll labelled FINAOB SYRUI.
h - a scroll labelled FINAOB SYRUI The helpless rat fails to defend itself.
You impale the rat!!
You kill the rat!
A rat comes into view.
A rat is nearby!
There are no items here.
You hit the rat. You hit the rat.
You kill the rat!
Found a stone staircase leading down.
There is a stone staircase leading down here.
g - 29 stones (gained 19)
An endoplasm comes into view.
The helpless endoplasm fails to defend itself.
You impale the endoplasm!!
You kill the endoplasm!
Your Stealth skill increases to level 6!
A ball python comes into view.
A ball python is nearby!
The ball python hisses angrily.
A ball python comes into view.
You see here 17 gold pieces.
You now have 17 gold pieces.
You open the door.
There is an open door here.
Unknown command.
Unknown command.
Unknown command.
You close the door.
There is a staircase leading out of the dungeon here.
There is an open door here.
A hobgoblin comes into view.
You closely miss the hobgoblin. The hobgoblin hits you. 😕 HP[-1]
You take 1 damage, and now have 9/10 hp.
You hit the hobgoblin. The hobgoblin hits you. 😮 HP[-2]
You take 2 damage, and now have 7/10 hp.
You hit the hobgoblin but do no damage.
The hobgoblin hits you but does no damage.
You hit the hobgoblin. The hobgoblin closely misses you.
You barely miss the hobgoblin.
The hobgoblin hits you but does no damage.
You hit the hobgoblin.
You kill the hobgoblin!
You now have 11 max hp (+1).
You start resting. 😎 HP[+4]
Your hp is fully restored (11).
You see here a hobgoblin corpse.
You now have 30 gold pieces (gained 13).
A goblin comes into view. It is wielding a +0 club.
A rat comes into view.
Found a stone staircase leading down.
The helpless goblin fails to defend itself.
You impale the goblin!!
You kill the goblin!
Things that are here:
a +0 club {mace}; a goblin corpse The rat completely misses you.
You hit the rat. The rat bites you. 😕 HP[-1]
You take 1 damage, and now have 10/11 hp.
You hit the rat.
You kill the rat!
i - a staff of air {!astaff} 😎 HP[+1]
Your hp is fully restored (11).
A gnoll comes into view. It is wielding a +0 club.
The gnoll shouts!
The gnoll closely misses you.
You hit the gnoll. The gnoll closely misses you.
You hit the gnoll but do no damage. The gnoll misses you.
You closely miss the gnoll.
The gnoll hits you with a +0 club. 😕 HP[-2]
You take 2 damage, and now have 9/11 hp.
You hit the gnoll. The gnoll hits you with a +0 club.
* * * LOW HITPOINT WARNING * * *
😨 HP[-5]
You take 5 damage, and now have 4/11 hp.
MASSIVE DAMAGE!! (PAUSE)
You hit the gnoll. You hit the gnoll but do no damage.
The gnoll hits you with a +0 club.
You die...

Skill      XL: |  1 |
---------------+----+-----
Stealth        | 6 |  6.1
Fighting       | |  1.6
Short Blades   | |  2.3
Throwing       | |  2.1
Dodging        | |  1.6

Action                   || total
-------------------------++-------
Melee: Dagger            ||    22
 Stab: Sleeping          ||     3
Armor: Robe              ||     2
Dodge: Dodged            ||     8

Levels and vault maps discovered:
D:1:      psy_arrival_statuary, layout_loops_ring

Notes
Turn   | Place    | Note
-------+----------+-------------------------------------------
     0 | D:1      | AmazingTV the Spriggan Brigand began the quest for the Orb.
     0 | D:1      | Reached XP level 1. HP: 10/10 MP: 2/2
     0 | D:1      | magus.rc [v1.9.6]
   123 | D:1      | Reached skill level 6 in Stealth
   389 | D:1      | Slain by a gnoll

Vanquished Creatures
  An endoplasm (D:1)
  A goblin (D:1)
  2 hobgoblins (D:1)
  3 rats (D:1)
7 creatures vanquished.

Table legend:
 A = Non-vault XP
 B = Vault XP
 C = Vault XP percentage of total XP
 D = Non-vault monster count
 E = Vault monster count
 F = Vault count percentage of total count
                 A         B        C        D         E       F
            +---------+---------+-------+---------+---------+-------
      Total |      11 |       0 |   0.0 |       7 |       0 |   0.0
            +---------+---------+-------+---------+---------+-------
        D:1 |      11 |       0 |   0.0 |       7 |       0 |   0.0
            +---------+---------+-------+---------+---------+-------

Illustrated notes

Table legend:
 A = Kills in this place as a percentage of kills in entire the game.
 B = Kills by you in this place as a percentage of kills by you in the entire game.
 C = Kills by friends in this place as a percentage of kills by friends in the entire game.
 D = Other kills in this place as a percentage of other kills in the entire game.
 E = Experience gained in this place as a percentage of experience gained in the entire game.
 F = Experience gained in this place divided by the number of levels of this place that you have seen.
                   A       B       C       D       E      F
               +-------+-------+-------+-------+-------+----------------------
         Total | 100.0 | 100.0 |   N/A |   N/A | 100.0 |  11.0
       Dungeon | 100.0 | 100.0 |   N/A |   N/A | 100.0 |  11.0
               +-------+-------+-------+-------+-------+----------------------

Table legend: (Time is in decaauts)
 A = Elapsed time spent in this place.
 B = Non-inter-level travel time spent in this place.
 C = Inter-level travel time spent in this place.
 D = Time resting spent in this place.
 E = Time spent auto-exploring this place.
 F = Levels seen in this place.
 G = Mean time per level.
                   A        B        C        D        E       F      G
               +--------+--------+--------+--------+--------+-----+--------+
         Total |    284 |    284 |      0 |    101 |    111 |   1 |  284.0 |
       Dungeon |    284 |    284 |      0 |    101 |    111 |   1 |  284.0 |
               +--------+--------+--------+--------+--------+-----+--------+

Top non-repeatable levels by time:
     D:1: 284 daAuts
